 Dungeon Crawl Stone Soup version 0.18-a0-1689-g473dde0 (webtiles) character file.

673 Eucla the Ruffian (level 7, -13/68 HPs)
             Began as a Troll Monk on Apr 5, 2016.
             Was a Priest of Nemelex Xobeh.
             Mangled by a wight
             ... wielding a cursed +0 hand axe of electrocution
              (15 damage)
             ... on level 5 of the Dungeon.
             The game lasted 00:07:15 (3196 turns).

Eucla the Ruffian (Troll Monk)                      Turns: 3196, Time: 00:07:16

Health: -13/68     AC:  6    Str: 19 (20) XL:     7   Next: 33%
Magic:  7/7        EV: 10    Int:  4 (6)  God:    Nemelex Xobeh [***...]
Gold:   201        SH:  0    Dex: 11 (14) Spells: 0 memorised, 6 levels left

rFire  . . .     SeeInvis .       - Unarmed
rCold  . . .     Gourm    +     a - +0 robe
rNeg   . . .     Faith    .     (no shield)
rPois  .         Spirit   .     (helmet restricted)
rElec  .         Dismiss  .     j - +0 cloak
rCorr  .         Reflect  .     (gloves unavailable)
SustAt .         Harm     .     (boots unavailable)
MR     .....                    (no amulet)
Stlth  +.........               (no ring)
                                (no ring)

@: flying, drained, not resistant to hostile enchantments, very unstealthy
A: unfitting armour, claws 3, fast metabolism 3, gourmand, regeneration 2,
shaggy fur 1, tough skin 2
a: Triple Draw, Renounce Religion


You were on level 5 of the Dungeon.
You worshipped Nemelex Xobeh.
Nemelex Xobeh was most pleased with you.
You were very full.

You visited 1 branch of the dungeon, and saw 5 of its levels.

You collected 201 gold pieces.

Inventory:

Armour
 a - a +0 robe (worn)
 j - a +0 cloak (worn)
Wands
 v - a wand of flame (36/48)
Scrolls
 c - a scroll of enchant armour {unknown}
 f - 6 scrolls of identify {unknown}
 h - a scroll of immolation {unknown}
 k - a scroll of amnesia {unknown}
 m - a scroll of noise {unknown}
 n - a scroll of fear {unknown}
 q - 2 scrolls of recharging {unknown}
 w - a scroll of remove curse {unknown}
 z - a scroll of fog {unknown}
 B - a scroll of enchant weapon {unknown}
Potions
 d - 2 potions of flight
 e - a potion of invisibility {unknown}
 g - a potion of brilliance {unknown}
 l - a potion of degeneration
 p - a potion of ambrosia {unknown}
Miscellaneous
 r - a plain deck of changes
 s - a plain deck of destruction
 t - a plain deck of escape
 u - a plain deck of war
 y - a plain deck of destruction
Comestibles
 b - 4 bread rations
 i - 7 fruits
 x - 4 meat rations
 A - 5 chunks of flesh


   Skills:
 + Level 3.8(2.8) Fighting
 + Level 3.9(2.9) Dodging
 - Level 1.1(0.2) Stealth
 * Level 6.6(5.5) Unarmed Combat
 + Level 2.2(1.3) Evocations


You had 6 spell levels left.
You didn't know any spells.

Dungeon Overview and Level Annotations

Branches:
Dungeon (5/15)             Temple (0/1) D:4

Altars:
Gozag
Kikubaaqudgha
Nemelex Xobeh
Qazlal
Sif Muna
Xom
Zin
The Shining One

Shops:
D:4 %


Innate Abilities, Weirdness & Mutations

You are too large for most types of armour.
You have claws for hands.
Your metabolism is lightning-fast.
You like to eat raw meat.
You heal very quickly.
You are covered in fur (AC +1).
You have very tough skin (AC +2).


Message History

Unknown command.
You are too injured to fight recklessly!
The wight misses you.
You see here a great mace.
Drink which item? (? for menu, Esc to quit)
It was a potion of flight.
You feel very buoyant.
You fly up into the air.
The wight hits you but does no damage.
Drink which item? (? for menu, Esc to quit)
It was a potion of degeneration.
There was something very wrong with that liquid.
You feel weakened.
You feel dopey.
You feel clumsy. The wight barely misses you.
Drink which item? (? for menu, Esc to quit)
It was a potion of cure mutation.
It has a very clean taste.
The wight hits you with a hand axe of electrocution.
* * * LOW HITPOINT WARNING * * *
You are electrocuted!
You die...
Your body disappears without a glow.

# #####...........##
######................#
.......###............##
..###### #.............#
### ##......(.....# #
#............# #
#.>..........# #
#....)z.....## #
##...)@.....# ##
#.........## .#
##........# .##
##......## ..# #..#####
...# ##..# ##..#
...z.....# #.#
.%.....?.# #. .........?


You could see a wight.

Vanquished Creatures
  A centaur (D:5)
  3 ogres (D:4)
  2 wights (D:5)
  A howler monkey (D:4)
  2 hounds
  An orc wizard (D:4)
  4 adders
  3 worms
  2 dart slugs
  2 giant geckos
  5 orcs
  6 bats
  4 giant cockroaches
  9 goblins
  11 hobgoblins
  6 jackals
  A quokka (D:2)
  A ball python (D:4)
  6 giant newts
  A jackal skeleton (D:5)
  4 kobolds
  4 rats
79 creatures vanquished.

Vanquished Creatures (others)
  2 jackals (D:5)
2 creatures vanquished.

Grand Total: 81 creatures vanquished

Notes
Turn   | Place    | Note
--------------------------------------------------------------
     0 | D:1      | Eucla the Troll Monk began the quest for the Orb.
     0 | D:1      | Reached XP level 1. HP: 22/22 MP: 0/0
   255 | D:1      | Reached XP level 2. HP: 28/29 MP: 1/1
   700 | D:1      | Reached XP level 3. HP: 34/36 MP: 2/2
  1404 | D:2      | Found a sparkling altar of Nemelex Xobeh.
  1442 | D:2      | Found a deep blue altar of Sif Muna.
  1531 | D:2      | Became a worshipper of Nemelex Xobeh the Trickster
  1531 | D:2      | Received a gift from Nemelex Xobeh
  1531 | D:2      | Reached * piety under Nemelex Xobeh
  1531 | D:2      | Received a gift from Nemelex Xobeh
  1531 | D:2      | Reached ** piety under Nemelex Xobeh
  1858 | D:3      | Found an opulent altar of Gozag.
  1892 | D:3      | Reached skill level 5 in Unarmed Combat
  1892 | D:3      | Reached XP level 4. HP: 41/44 MP: 3/3
  1963 | D:3      | Received a gift from Nemelex Xobeh
  2083 | D:3      | Found a sparkling altar of Nemelex Xobeh.
  2337 | D:4      | Noticed an ogre
  2338 | D:4      | Reached skill level 1 in Evocations
  2338 | D:4      | Reached XP level 5. HP: 53/53 MP: 4/4
  2354 | D:4      | Killed an ogre
  2378 | D:4      | Found Taf Goo's Food Boutique.
  2449 | D:4      | Found a staircase to the Ecumenical Temple.
  2508 | D:4      | Noticed an ogre
  2514 | D:4      | Killed an ogre
  2514 | D:4      | Reached XP level 6. HP: 31/61 MP: 6/6
  2516 | D:4      | Found a stormy altar of Qazlal.
  2519 | D:4      | Found a shimmering altar of Xom.
  2519 | D:4      | Found an ancient bone altar of Kikubaaqudgha.
  2519 | D:4      | Found a glowing silver altar of Zin.
  2522 | D:4      | Found a glowing golden altar of the Shining One.
  2595 | D:4      | Received a gift from Nemelex Xobeh
  2672 | D:4      | Reached skill level 6 in Unarmed Combat
  3002 | D:5      | Entered Level 5 of the Dungeon
  3017 | D:5      | Reached XP level 7. HP: 17/68 MP: 7/7
  3136 | D:5      | Reached *** piety under Nemelex Xobeh
  3192 | D:5      | HP: 1/68 [wight/hand axe of electrocution (3)]
  3196 | D:5      | Mangled by a wight

Vault maps used:
D:1:      mainiacjoe_arrival_reflecting_pool, nrook_loot_triangle, st_stairs_4,
          grunt_decor_fettered, kennysheep_minor_cross, nrook_mini_vaults
D:2:      led_sif_pool, nemelex_deck
D:3:      grunt_gozag_statues, marbit_many_paths, hangedman_glass_teeth
D:4:      wad_crossroads, grunt_temple_overflow_open,
          minmay_temple_entry_enclosed_plants, first_bread, serial_shops, shop

Skill      XL: |  1  2  3  4  5  6 |
---------------+-------------------+-----
Dodging        | 3 |  3.9
Unarmed Combat | 5 6 |  6.6
Fighting       | 3 |  3.8
Evocations     | 1 2 |  2.2
Stealth        | |  1.1

Action                   |  1- 3 |  4- 6 |  7- 9 || total
-------------------------+-------+-------+-------++-------
Melee: Unarmed           |    86 |    99 |     8 ||   193
  Use: Potion            |       |       |     3 ||     3
 Stab: Sleeping          |     5 |     1 |       ||     6
  Eat: Chunk             |    15 |    18 |     1 ||    34
